 Seeded DCSS version 0.30-a0-800-g7c544603b3 (webtiles) character file.

Game seed: 8796237800415217726 (custom seed)

803 BigDaddyOpFi the Ruffian (level 7, -1/70 HPs)
             Began as a Troll Fighter on Feb 22, 2023.
             Slain by an iguana (11 damage)
             ... on level 6 of the Dungeon.
             The game lasted 00:03:59 (3372 turns).

BigDaddyOpFi the Ruffian (Troll Fighter)            Turns: 3372, Time: 00:04:00

Health: -1/70      AC: 14    Str: 25    XL:     7   Next: 59%
Magic:  6/6        EV:  8    Int:  6    God:
Gold:   268        SH:  8    Dex:  9    Spells: 6/6 levels left

rFire   + . .      SeeInvis +      - Unarmed
rCold   . . .      Faith    .    b - +0 kite shield
rNeg    + . .      Spirit   .    e - quicksilver dragon scales
rPois   +          Reflect  .    (helmet restricted)
rElec   .          Harm     .    v - +2 cloak of the Thief {*Fog Slay-2 SInv Stlth+}
rCorr   .          Rampage  .    (gloves unavailable)
Will    +....                    (boots unavailable)
Stlth   +                        l - amulet of regeneration
HPRegen 1.91/turn                f - ring of Ladu {Fly rPois rF+ rN+ SInv}
MPRegen 0.10/turn                (no ring)

@: mighty, flying
A: large, unfitting armour, claws 3, regeneration 1, shaggy fur 1, tough skin 1
a: no special abilities


You were on level 6 of the Dungeon.
You visited 1 branch of the dungeon, and saw 6 of its levels.

You collected 710 gold pieces.
You spent 442 gold pieces at shops.

Inventory:

Armour
 a - a +0 robe
 b - a +0 kite shield (worn)
 e - quicksilver dragon scales (worn)
 v - the +2 cloak of the Thief (worn) {*Fog Slay-2 SInv Stlth+}
   (You bought it in a shop on level 2 of the Dungeon)

   *Fog:      It may release a thick cloud of smoke when the wearer is hurt.
   Slay:      It affects your accuracy & damage with ranged weapons and melee
   (-2).
   SInv:      It lets you see invisible.
   Stlth:     It makes you more stealthy.
Jewellery
 f - the ring of Ladu (left claw) {Fly rPois rF+ rN+ SInv}
   (You acquired it on level 1 of the Dungeon)

   [ring of flight]

   rF:        It protects you from fire.
   rPois:     It protects you from poison.
   rN:        It protects you from negative energy.
   SInv:      It lets you see invisible.
   Fly:       It grants you flight.
 l - an amulet of regeneration (around neck)
 A - a ring of poison resistance
 F - a ring of protection from fire
Wands
 x - a wand of paralysis (10)
 E - a wand of flame (16)
Scrolls
 g - a scroll of teleportation {unknown}
 n - 7 scrolls of identify {unknown}
 o - 2 scrolls of noise
 q - a scroll of magic mapping {unknown}
 r - a scroll of immolation {unknown}
 s - 2 scrolls of vulnerability {unknown}
 t - a scroll of torment {unknown}
 w - a scroll of enchant weapon {unknown}
 y - 2 scrolls of poison {unknown}
 z - 2 scrolls of enchant armour {unknown}
 D - a scroll of summoning {unknown}
Potions
 c - a potion of might
 d - a potion of magic {unknown}
 h - 2 potions of berserk rage
 i - 2 potions of curing
 j - 2 potions of attraction {unknown}
 k - a potion of invisibility {unknown}
 m - a potion of lignification {unknown}
 p - a potion of mutation {unknown}
 u - 3 potions of brilliance {unknown}
 B - a potion of degeneration {unknown}
 C - a potion of haste {unknown}


   Skills:
 + Level 4.3 Fighting
 - Level 2.4 Dodging
 + Level 4.6 Shields
 * Level 6.3 Unarmed Combat


You had 6 spell levels left.
You didn't know any spells.
Your spell library contained the following spells:

 Spells                   Type           Power      Damage    Failure   Level
 Magic Dart               Conj           0%         1d3       87%         1
 Call Imp                 Summ           0%         N/A       95%         2
 Ignite Poison            Fire/Tmut/Pois 0%         N/A       99%         3
 Kindle Blastsparks       Fire/Tloc/Air  0%         2d10      99%         3
 Mephitic Cloud           Conj/Pois/Air  0%         N/A       99%         3
 Freezing Cloud           Conj/Ice/Air   0%         6-21      100%        5


Dungeon Overview and Level Annotations

Branches:
Dungeon (6/15)             Temple (0/1) D:6

Altars:

Shops:
D:1 :   D:2 *   D:5 (


Innate Abilities, Weirdness & Mutations

You are too large for most types of armour.
You have claws for hands.
Your natural rate of healing is unusually fast.
You are covered in fur. (AC +1)
You have tough skin. (AC +1)


Message History

You scratch the orc priest but do no damage.
The orc wizard barely misses you. The iguana bites you!
The orc priest hits you but does no damage.
You scratch the orc priest but do no damage.
The orc wizard hits you but does no damage.
The orc priest closely misses you.
The iguana bites you but does no damage.
The orc wizard hits you but does no damage.
The iguana bites you!
The orc priest hits you but does no damage.
You completely miss the iguana.
The orc wizard hits you with a +0 dagger.
The iguana bites you.
The orc priest mumbles some strange prayers to Beogh against you.
Beogh smites you!
* * * LOW HITPOINT WARNING * * *
The orc wizard gestures at you while chanting.
The puff of flame hits you. You resist.
* * * LOW HITPOINT WARNING * * *
The iguana bites you.
* * * LOW HITPOINT WARNING * * *
The orc priest barely misses you.
You feel very mighty all of a sudden.
You feel less confused.
The orc wizard hits you but does no damage.
The iguana bites you.
* * * LOW HITPOINT WARNING * * *
You block the orc priest's attack.
It was a potion of curing.
You feel better.
The orc wizard points at you and mumbles some strange words.
The puff of flame hits you. You resist.
* * * LOW HITPOINT WARNING * * *
The iguana barely misses you.
The orc priest hits you but does no damage.
As you read the scroll labelled BYHIASM BYEGIA, it crumbles to dust.
You hear a loud clanging noise!
It was a scroll of noise.
You hear a shout! x2; You hear an angry hiss.
You hear a shout!
You hear a bark!
You hear an angry hiss.
You hear a shout!
You block the orc wizard's attack. The iguana bites you!
You die...

......##......#. .#
......##.....#.. ..#
#............# ....
...........##
#.>.#####..#.......##
.....#..............#
#...#.....o........
#........<@.....#
#.#.).....lo.....#
#........^...#....#
#................#.
.$.....#........##.#
...........#<..... ..
....#.....##....... .
...###...###..##...
... ##... ... .##


You could see an iguana, an orc priest and an orc wizard (invisible).

Vanquished Creatures
  A black bear (D:5)
  An ogre (D:5)
  A necrophage (D:6)
  A scorpion (D:5)
  3 jellies
  A hound (D:4)
  A gnoll bouda (D:5)
  An orc priest (D:4)
  4 orc wizards
  6 gnolls
  7 adders
  A shadow imp (D:5)
  2 ufetubi
  A worm (D:2)
  11 orcs
  9 endoplasms
  6 giant cockroaches
  5 hobgoblins
  10 jackals
  3 quokkas
  4 ball pythons
  5 bats
  4 goblins
  3 kobolds
  5 rats
96 creatures vanquished.

Notes
Turn   | Place    | Note
-------+----------+-------------------------------------------
     0 | D:1      | BigDaddyOpFi the Troll Fighter began the quest for the Orb.
     0 | D:1      | Reached XP level 1. HP: 22/22 MP: 0/0
    13 | D:1      | Found Veoliky's Book Emporium.
    29 | D:1      | Identified 3 scrolls of acquirement
    29 | D:1      | Acquired quicksilver dragon scales
    43 | D:1      | Acquired the ring of Ladu {Fly rPois rF+ rN+ SInv}
    45 | D:1      | Acquired 405 gold pieces
   236 | D:1      | Reached XP level 2. HP: 29/29 MP: 1/1
   561 | D:2      | Reached XP level 3. HP: 36/36 MP: 2/2
   661 | D:2      | Found a faded altar of an unknown god.
   683 | D:2      | Reached skill level 3 in Unarmed Combat
   938 | D:2      | Reached XP level 4. HP: 44/44 MP: 3/3
  1104 | D:2      | Found Fuiquv's Assorted Antiques.
  1113 | D:2      | Bought the +2 cloak of the Thief {*Fog Slay-2 SInv Stlth+}
                  | for 442 gold pieces
  1113 | D:2      | Found the +2 cloak of the Thief {*Fog Slay-2 SInv Stlth+}
  1357 | D:2      | Identified the +4 hand axe "Fumm" {freeze, *Rage Dex+4}
  2037 | D:4      | Reached skill level 4 in Unarmed Combat
  2037 | D:4      | Reached XP level 5. HP: 50/53 MP: 4/4
  2238 | D:4      | Reached XP level 6. HP: 59/61 MP: 5/5
  2449 | D:5      | Entered Level 5 of the Dungeon
  2504 | D:5      | Reached skill level 5 in Unarmed Combat
  2676 | D:5      | Found Zunkiod's Weapon Emporium.
  2749 | D:5      | Reached XP level 7. HP: 70/70 MP: 6/6
  3089 | D:5      | Reached skill level 6 in Unarmed Combat
  3340 | D:6      | Found a staircase to the Ecumenical Temple.
  3372 | D:6      | Slain by an iguana

Illustrated notes

Levels and vault maps discovered:
D:1:      heliophobic_arrival_henge, layout_rooms, serial_shops, shop_statue
D:2:      layout_basic, serial_shops, nicolae_lakefront_shop,
          ebering_ecumenical_altar_ruins
D:3:      layout_basic
D:4:      layout_rooms, kennysheep_generic_room_4
D:5:      layout_loops_corners, serial_shops, nicolae_shop_behind_doors
D:6:      layout_layer_cave, minmay_temple_entry_arrows, chequers_avenue

Skill      XL: |  1  2  3  4  5  6  7 |
---------------+----------------------+-----
Shields        | 3 4 |  4.6
Unarmed Combat | 3 4 5 6 |  6.3
Fighting       | 3 4 |  4.3
Dodging        | |  2.4

Action                     |  1- 3 |  4- 6 |  7- 9 || total
---------------------------+-------+-------+-------++-------
  Melee: Unarmed           |    84 |   176 |    51 ||   311
    Use: Scroll            |     3 |       |     1 ||     4
         Potion            |       |       |     2 ||     2
   Stab: Sleeping          |       |     2 |       ||     2
 Armour: Quicksilver drago |    25 |   194 |    40 ||   259
         Robe              |     2 |       |       ||     2
  Dodge: Dodged            |    20 |   108 |    15 ||   143
  Block: Kite shield       |    24 |   121 |    22 ||   167

Table legend: (Time is in decaauts)
 A = Elapsed time spent in this place.
 B = Non-inter-level travel time spent in this place.
 C = Inter-level travel time spent in this place.
 D = Time resting spent in this place.
 E = Time spent auto-exploring this place.
 F = Levels seen in this place.
 G = Mean time per level.
                   A        B        C        D        E       F      G
               +--------+--------+--------+--------+--------+-----+--------+
         Total |   3388 |   3267 |    121 |      0 |   2625 |   6 |  564.7 |
       Dungeon |   3388 |   3267 |    121 |      0 |   2625 |   6 |  564.7 |
               +--------+--------+--------+--------+--------+-----+--------+

Top non-repeatable levels by time:
     D:2: 1068 daAuts
     D:5: 883 daAuts
     D:1: 507 daAuts
     D:4: 496 daAuts
     D:3: 391 daAuts
     D:6: 40 daAuts
